Map: Orbital Shipyard

Players

IamGoatzilla - Winner!

  • Race: Zerg Zerg
  • League: Grandmaster

wabbajack

  • Race: Zerg Zerg
  • League: Gold

VOD

Have the link to the VOD?

Description

Time

  • Played on: July 19, 2015, 4:02 p.m.
  • Length: 14:22
Show
View Real Time Build Order
Export as new Build Order

IamGoatzilla Zerg - Winner!

Build Orders: Pool First 

Get SALT Encoding   

  12  0:02  Drone  
  13  0:15  Overlord  
  13  0:17  Drone  
  14  0:33  Drone  
  14  0:34  Drone  
  16  0:37  Drone  
  17  0:46  Spawning Pool  
  16  1:07  Hatchery  
  16  1:10  Extractor  
  16  1:11  Drone  
  15  1:14  Drone  
  16  1:33  Zergling x6  
  16  1:37  Queen  
  21  1:44  Overlord  
  21  1:56  Drone  
  21  1:59  Baneling Nest  
  21  2:07  Drone  
  22  2:20  Queen  
  22  2:21  Drone  
  22  2:22  Drone  
  26  2:27  Drone  
  27  2:36  Zergling x2  
  27  2:46  Drone, Zergling x2  
  27  2:47  Zergling x6  
  32  2:56  Drone x2  
  33  3:01  Baneling x3  
  33  3:04  Metabolic Boost  
  33  3:11  Overlord  
  33  3:16  Overlord  
  33  3:22  Overlord  
  33  3:31  Drone x2  
  35  3:34  Drone  
  35  3:35  Drone  
  37  3:44  Drone  
  37  3:45  Drone x3  
  39  4:00  Zergling x2  
  40  4:07  Zergling x2  
  40  4:08  Zergling x6  
  44  4:11  Zergling x2  
  44  4:16  Lair, Extractor  
  44  4:22  Roach Warren  
  40  4:42  Drone x3  
  40  4:43  Drone x3  
  40  4:44  Evolution Chamber  
  45  4:52  Overlord  
  45  4:53  Overlord  
  45  5:02  Roach x3  
  45  5:03  Evolution Chamber, Roach  
  52  5:12  Drone  
  54  5:14  Drone x3  
  54  5:16  Roach  
  54  5:20  Spine Crawler  
  54  5:21  Roach  
  58  5:24  Spine Crawler  
  58  5:25  Roach x4  
  65  5:30  Zerg Missile Weapons Level 1  
  65  5:34  Roach  
  68  5:37  Baneling x3  
  68  5:53  Roach  
  68  5:54  Overlord, Roach  
  68  5:55  Overlord  
  54  6:04  Roach  
  54  6:05  Roach x4  
  48  6:22  Roach  
  48  6:23  Roach  
  45  6:34  Extractor  
  43  6:45  Roach  
  43  6:46  Zergling x12  
  48  6:49  Drone x4  
  52  7:00  Drone  
  53  7:08  Drone x5  
  58  7:16  Roach  
  58  7:17  Roach  
  62  7:27  Ravager  
  62  7:28  Ravager  
  64  7:31  Drone x2  
  64  7:32  Drone x2  
  62  7:51  Drone, Roach  
  62  7:52  Drone x5  
  62  7:53  Drone  
  62  7:55  Drone  
  72  8:14  Glial Reconstitution  
  72  8:23  Hatchery  
  72  8:24  Extractor  
  70  8:36  Roach  
  70  8:37  Roach x2  
  76  8:42  Spire  
  76  8:43  Roach x3  
  81  8:53  Zerg Missile Weapons Level 2  
  81  8:58  Zerg Ground Armor Level 1  
  79  9:14  Zergling x4  
  79  9:15  Zergling x4  
  83  9:17  Overlord  
  83  9:18  Overlord x2  
  83  9:24  Ravager  
  83  9:26  Overlord  
  83  9:27  Overlord  
  82  9:36  Drone  
  82  9:37  Queen  
  85  9:39  Drone  
  85  9:40  Drone  
  85  9:41  Drone  
  88  9:46  Drone  
  88  9:47  Drone  
  87  10:03  Drone x3  
  87  10:04  Drone x3  
  87  10:07  Mutalisk x2  
  93  10:10  Mutalisk  
  99  10:19  Mutalisk  
  99  10:20  Mutalisk x2  
  105  10:24  Mutalisk  
  105  10:26  Mutalisk  
  109  10:33  Zerg Flyer Weapons Level 1  
  109  10:41  Extractor  
  107  10:44  Extractor  
  93  10:50  Roach  
  93  10:51  Roach x4  
  93  10:52  Zergling x8  
  93  10:53  Zergling x6  
  93  10:55  Zergling x4  
  112  11:15  Roach x2  
  112  11:16  Roach x4  
  124  11:36  Roach  
  124  11:37  Roach  
  124  11:38  Roach  
  124  11:39  Overlord x2  
  128  11:49  Mutalisk  
  128  11:50  Roach  
  128  11:51  Overlord x2  
  91  12:12  Overseer  
  86  12:16  Roach x8  
  102  12:24  Mutalisk x3  
  102  12:25  Hydralisk Den  
  107  12:38  Drone x3  
  110  12:45  Ravager x3  
  110  12:49  Ravager  
  93  13:03  Roach x3  
  93  13:04  Roach x3  
  87  13:06  Roach x4  
  87  13:07  Roach  
  87  13:10  Roach  
  87  13:11  Roach x2  
  83  13:13  Roach  
  83  13:14  Roach x4  
  83  13:15  Roach  
  93  13:28  Overlord  
  87  13:37  Overlord  
  81  13:50  Roach  
  81  13:51  Roach x3  
  89  13:56  Roach  
  89  13:57  Roach x3  
  89  13:58  Overlord  
Show
View Real Time Build Order
Export as new Build Order

wabbajack Zerg 

Build Orders: Hatch First 

Get SALT Encoding   

  12  0:01  Drone  
  13  0:12  Overlord  
  13  0:18  Drone  
  14  0:23  Extractor  
  14  0:24  Drone  
  14  0:35  Drone x2  
  16  0:59  Hatchery  
  15  1:14  Spawning Pool  
  15  1:18  Drone  
  15  1:22  Drone  
  16  1:26  Drone  
  17  1:40  Drone  
  17  1:42  Drone  
  19  1:50  Overlord  
  19  2:01  Queen  
  19  2:06  Drone  
  22  2:10  Queen  
  22  2:12  Drone  
  22  2:15  Drone  
  26  2:23  Drone x2  
  28  2:30  Metabolic Boost  
  25  2:48  Spine Crawler  
  24  2:58  Roach Warren  
  23  3:08  Overlord x2  
  23  3:16  Drone x2  
  23  3:18  Drone  
  26  3:20  Drone x2  
  28  3:30  Drone  
  28  3:31  Spine Crawler  
  26  3:57  Roach  
  26  3:58  Roach x6  
  35  4:10  Zergling x8  
  38  4:34  Roach  
  38  4:35  Roach x4  
  48  4:53  Drone x4  
  52  5:06  Overlord  
  52  5:09  Overlord  
  52  5:23  Baneling Nest  
  52  5:28  Drone x3  
  53  5:33  Spine Crawler  
  53  5:35  Drone  
  54  5:38  Drone  
  54  5:41  Zergling x12  
  45  6:08  Zergling x2  
  45  6:09  Zergling x14  
  41  6:40  Queen  
  41  6:44  Lair  
  41  6:46  Drone  
  41  6:47  Drone x3  
  37  6:48  Drone x2  
  37  7:11  Roach  
  37  7:12  Roach x6  
  51  7:35  Extractor  
  44  7:45  Roach  
  44  7:46  Roach x5  
  54  8:05  Drone  
  55  8:06  Drone x5  
  55  8:09  Extractor  
  59  8:14  Extractor  
  59  8:19  Drone x2  
  60  8:21  Overlord x4  
  60  8:42  Drone  
  60  8:43  Drone  
  60  8:45  Roach  
  60  8:46  Roach x8  
  80  8:52  Evolution Chamber x2  
  80  8:53  Overlord  
  78  9:03  Drone  
  78  9:04  Drone  
  80  9:15  Glial Reconstitution  
  80  9:20  Zerg Missile Weapons Level 1  
  80  9:21  Zerg Ground Armor Level 1  
  80  9:45  Roach  
  80  9:46  Roach x8  
  80  9:48  Overlord x2  
  94  10:15  Overlord  
  94  10:16  Overlord x2, Hydralisk Den  
  94  10:17  Roach  
  94  10:18  Roach x3  
  101  10:22  Roach x7  
  101  10:25  Overlord  
  109  10:53  Lurker Den  
  109  11:17  Spore Crawler  
  108  11:21  Hatchery  
  105  11:31  Spore Crawler, Hydralisk x7  
  105  11:32  Spore Crawler  
  112  11:39  Queen  
  82  12:24  Drone x7  
  89  12:30  Ravager  
  89  12:32  Ravager  
  53  13:17  Ravager x2  
  44  13:38  Drone  
  44  13:39  Drone x10  
  44  13:40  Queen  
  53  13:42  Queen  
  44  14:02  Spore Crawler  
  43  14:03  Extractor  
  43  14:04  Extractor  
  43  14:05  Drone  
  43  14:06  Drone x4  
Tags
 
Add a new tag
Caveats
  • Supply blocks, unpowered buildings, or Contaminate may cause inaccurate times.
  • Supply counts are checked every 10 seconds.